 Dungeon Crawl Stone Soup version 0.23.2-30-g0e89c35649 (webtiles) character file.

Game seed: 2959792930575075075

64 Descartes the Grasshopper (level 3, -3/27 HPs)
             Began as a Demonspawn Warper on June 9, 2019.
             Slain by a gnoll
             ... wielding a +0 halberd
              (6 damage)
             ... on level 2 of the Dungeon.
             The game lasted 00:03:47 (1265 turns).

Descartes the Grasshopper (Demonspawn Warper)       Turns: 1265, Time: 00:03:48

Health: -3/27      AC:  6    Str: 11    XL:     3   Next: 91%
Magic:  6/6        EV:  9    Int: 14    God:
Gold:   13         SH:  0    Dex: 13    Spells: 2/6 levels left

rFire    . . .     SeeInvis .   a - +0 falchion
rCold    . . .     Gourm    .   (no shield)
rNeg     . . .     Faith    .   j - +0 scale mail
rPois    .         Spirit   .   (no helmet)
rElec    .         Reflect  .   (no cloak)
rCorr    .         Harm     .   (no gloves)
MR       .....                  (no boots)
Stlth    ..........             (no amulet)
HPRegen  0.09/turn              (no ring)
MPRegen  0.10/turn              (no ring)

@: no status effects
A: spiny 1
a: no special abilities


You were on level 2 of the Dungeon.
You were not hungry.

You visited 1 branch of the dungeon, and saw 2 of its levels.

You collected 13 gold pieces.

Inventory:

Hand Weapons
 a - a +0 falchion (weapon)
Missiles
 e - 5 tomahawks of dispersal (quivered)
 g - 43 stones
Armour
 b - a +0 leather armour
 j - a +0 scale mail (worn)
Scrolls
 d - a scroll of blinking
 i - a scroll of random uselessness {unknown}
 k - a scroll of fog {unknown}
Potions
 h - a potion of curing {unknown}
Comestibles
 c - 5 chunks of flesh
 f - a ration


   Skills:
 + Level 2.2 Fighting
 * Level 2.5 Long Blades
 - Level 0.8 Throwing
 + Level 1.4 Armour
 * Level 2.4 Dodging
 + Level 0.7 Stealth
 + Level 2.2 Spellcasting
 + Level 0.2 Charms
 + Level 2.7 Translocations


You had 2 spell levels left.
You knew the following spells:

 Your Spells              Type           Power        Failure   Level  Hunger
a - Shroud of Golubria    Chrm/Tloc      #.........   75%         2    ###....
b - Blink                 Tloc           N/A          54%         2    ###....

Your spell library contained the following spells:

 Spells                   Type           Power        Failure   Level  Hunger
 Gell's Gravitas          Tloc           #.........   78%         3    ###....
 Lesser Beckoning         Tloc           #.........   78%         3    ###....
 Teleport Other           Tloc           #.......     78%         3    ###....
 Passage of Golubria      Tloc           N/A          99%         4    #####..


Dungeon Overview and Level Annotations

Branches:
Dungeon (2/15)

Altars:
Nemelex Xobeh


Innate Abilities, Weirdness & Mutations

You are partially covered in sharp spines.


Message History

The adder closely misses you.
You riposte.
You hit the adder.
You kill the adder!
The gnoll hits you with a +0 halberd.
Your shroud falls apart!
You closely miss the gnoll. The gnoll hits you with a +0 halberd!
* * * LOW HITPOINT WARNING * * *
You hit the gnoll but do no damage. The gnoll is struck by your spines.
The gnoll hits you but does no damage.
You hit the gnoll.
The gnoll is heavily wounded.
The gnoll closely misses you.
You riposte.
You hit the gnoll.
The gnoll is heavily wounded.
You completely miss the gnoll.
The gnoll is heavily wounded.
The gnoll hits you with a +0 halberd.
* * * LOW HITPOINT WARNING * * *
Your scale mail prevents you from hitting the gnoll.
The gnoll is heavily wounded.
The gnoll hits you with a +0 halberd.
You die...

####.# #....#
#.##.# #.##.#
#.# #.##.# #.#
#.##.# #.#
#.##.#########.#
#.##.........#.#
#@##########.#.#
######g# #.#.#
#....Kg# #.#.###
#.....$# #.#....
#....$.# #.#...#
#......# #.....<
#....$.. ######.
#.....### #....
#...... #.##.


You could see 2 gnolls and a kobold.

Vanquished Creatures
  A gnoll (D:2)
  An adder (D:2)
  2 dart slugs (D:1)
  A leopard gecko (D:1)
  5 bats (D:1)
  2 giant cockroaches (D:1)
  6 goblins
  3 hobgoblins (D:1)
  3 jackals (D:1)
  2 ball pythons (D:1)
  A frilled lizard (D:2)
  6 kobolds
  6 rats
39 creatures vanquished.

Notes
Turn   | Place    | Note
-------+----------+-------------------------------------------
     0 | D:1      | Descartes the Demonspawn Warper began the quest for the
                  | Orb.
     0 | D:1      | Reached XP level 1. HP: 16/16 MP: 3/3
    39 | D:1      | Reached skill level 1 in Armour
    55 | D:1      | Gained mutation: You are partially covered in sharp spines.
                  | [demonic ancestry]
    55 | D:1      | Reached XP level 2. HP: 21/22 MP: 5/5
   178 | D:1      | Found a sparkling altar of Nemelex Xobeh.
   241 | D:1      | Reached XP level 3. HP: 10/27 MP: 6/6
   432 | D:1      | Learned a level 2 spell: Shroud of Golubria
   435 | D:1      | Learned a level 2 spell: Blink
  1265 | D:2      | Slain by a gnoll

Skill      XL: |  1 |
---------------+----+-----
Armour         | 1 |  1.4
Long Blades    | 2 |  2.5
Dodging        | 2 |  2.4
Fighting       | |  2.2
Throwing       | |  0.8
Stealth        | |  0.7
Spellcasting   | |  2.2
Charms         | |  0.2
Translocations | |  2.7

Action                   || total
-------------------------++-------
Melee: Falchion          ||    82
 Cast: Shroud of Golubri ||     3
  Eat: Chunk             ||     1
Armor: Leather armour    ||    24
       Scale mail        ||    13
Dodge: Dodged            ||    52
       Rpst.: Falchion   ||    21
